 Dungeon Crawl Stone Soup version 0.26.1-11-gd32895ea62 (webtiles) character file.

Game seed: 12905052595469047427

6671 Towns the Thaumaturge (level 11, -4/87 HPs)
             Began as a Gnoll Wanderer on June 28, 2021.
             Was a High Priest of Okawaru.
             Killed from afar by an orc wizard (6 damage)
             ... with a magic dart
             ... on level 9 of the Dungeon.
             The game lasted 01:32:18 (12964 turns).

Towns the Thaumaturge (Gnoll Wanderer)             Turns: 12964, Time: 01:32:20

Health: -4/87      AC: 12    Str: 12    XL:     11   Next: 3%
Magic:  12/24      EV: 12    Int: 15    God:    Okawaru [*****.]
Gold:   647        SH:  0    Dex: 15    Spells: 16/28 levels left

rFire    + + .     SeeInvis .   a - +6 dagger "Ussoy" {vorpal, rF++ rC+ Int-5}
rCold    + . .     Faith    .   (no shield)
rNeg     . . .     Spirit   .   v - +0 scale mail
rPois    .         Reflect  .   n - +2 helmet
rElec    .         Harm     .   (no cloak)
rCorr    .         Rampage  .   (no gloves)
Will     .....                  e - +0 pair of boots
Stlth    +++.......             G - amulet of magic regeneration
HPRegen  0.24/turn              x - ring of stealth
MPRegen  0.44/turn              (no ring)

@: no status effects
A: distributed training, fangs 1, strong nose
a: Renounce Religion, Heroism, Finesse


You were on level 9 of the Dungeon.
You worshipped Okawaru.
Okawaru was extremely pleased with you.
You visited 2 branches of the dungeon, and saw 10 of its levels.

You collected 760 gold pieces.
You spent 113 gold pieces at shops.

Inventory:

Hand Weapons
 a - the +6 dagger "Ussoy" (weapon) {vorpal, rF++ rC+ Int-5}
   (You found it on level 5 of the Dungeon)

   It inflicts extra damage upon your enemies.
   It affects your intelligence (-5).
   It greatly protects you from fire.
   It protects you from cold.
 b - a +0 shortbow
 l - a +0 vorpal hunting sling
 C - a +1 short sword of draining
Missiles
 c - 4 javelins
 f - 248 arrows
 g - 82 bolts
 H - 5 atropa-tipped darts
 I - 44 poisoned darts
 J - 6 boomerangs (quivered)
 O - 19 sling bullets
 Q - 8 curare-tipped darts
Armour
 e - a +0 pair of boots (worn)
 n - a +2 helmet (worn)
 v - a +0 scale mail (worn)
 y - a +0 chain mail
Magical Staves
 D - an uncursed staff of conjuration
Jewellery
 x - a ring of stealth (left hand)
 G - an amulet of magic regeneration (around neck)
Wands
 L - a wand of disintegration (10)
 M - a wand of random effects (52)
 R - a wand of acid (11)
Scrolls
 j - a scroll of blinking
 k - 4 scrolls of teleportation
 o - 5 scrolls of enchant armour {unknown}
 p - 2 scrolls of enchant weapon {unknown}
 q - a scroll of fear {unknown}
 t - 2 scrolls of random uselessness {unknown}
 u - 3 scrolls of amnesia {unknown}
 w - 4 scrolls of immolation {unknown}
 E - 4 scrolls of remove curse
 F - 8 scrolls of identify
Potions
 d - 2 potions of lignification
 h - 2 potions of might
 i - 5 potions of heal wounds
 m - a potion of berserk rage
 r - 4 potions of curing
 s - 7 potions of magic
 z - 3 potions of mutation {unknown}
 A - a potion of invisibility
 B - 2 potions of haste {unknown}
 P - a potion of attraction {unknown}


   Skills:
 + Level 8.9 Fighting
 + Level 5.8 Short Blades
 + Level 5.8 Long Blades
 + Level 5.8 Axes
 + Level 5.8 Maces & Flails
 + Level 5.8 Polearms
 + Level 6.4 Staves
 + Level 5.8 Slings
 + Level 5.8 Bows
 + Level 5.8 Crossbows
 + Level 5.8 Throwing
 + Level 5.8 Armour
 + Level 6.4 Dodging
 + Level 7.3 Stealth
 + Level 5.8 Shields
 + Level 5.8 Unarmed Combat
 + Level 9.3 Spellcasting
 + Level 4.8 Conjurations
 + Level 4.8 Hexes
 + Level 4.8 Summonings
 + Level 4.8 Necromancy
 + Level 4.8 Translocations
 + Level 4.8 Transmutations
 + Level 4.8 Fire Magic
 + Level 4.8 Ice Magic
 + Level 4.8 Air Magic
 + Level 4.8 Earth Magic
 + Level 4.8 Poison Magic
 + Level 6.4 Invocations
 + Level 5.8 Evocations


You had 16 spell levels left.
You knew the following spells:

 Your Spells              Type           Power        Failure   Level
a - Magic Dart            Conj           84%          6%          1
b - Blink                 Tloc           N/A          10%         2
c - Call Imp              Summ           21%          10%         2
d - Mephitic Cloud        Conj/Pois/Air  21%          19%         3
e - Ensorcelled Hibernat  Hex/Ice        42%          10%         2
f - Slow                  Hex            21%          10%         2

Your spell library contained the following spells:

 Spells                   Type           Power        Failure   Level
 Corona                   Hex            23%          6%          1
 Confusing Touch          Hex            21%          19%         3
 Conjure Flame            Conj/Fire      21%          19%         3
 Dazzling Flash           Conj/Hex       42%          19%         3
 Tukima's Dance           Hex            21%          19%         3


Dungeon Overview and Level Annotations

Branches:
Dungeon (9/15)             Temple (1/1) D:5            Lair (0/6) D:9
    Orc: D:9-12

Altars:
Ashenzari
Cheibriados
Dithmenos
Elyvilon
Fedhas
Gozag
Hepliaklqana
Kikubaaqudgha
Makhleb
Nemelex Xobeh
Okawaru
Qazlal
Ru
Sif Muna
Trog
Uskayaw
Vehumet
Wu Jian
Xom
Yredelemnul
Zin
The Shining One

Shops:
D:5 **


Innate Abilities, Weirdness & Mutations

Your experience applies equally to all skills.
You have very sharp teeth.
Your uncanny sense of smell can sniff out nearby items.


Message History

Casting: Mephitic Cloud (dangerous; 19% risk of failure)
Confirm with . or Enter, or press ? or * to list all spells.
A shadowy apparition takes form in the air.
The boulder beetle bites you!!
* * * LOW HITPOINT WARNING * * *
The cyan ugly thing misses you.
You swap places.
The boulder beetle bites your shadow imp!!
Your shadow imp dies!
There is a stone staircase leading down here.
Casting: Call Imp (safe; 10% risk of failure)
Confirm with . or Enter, or press ? or * to list all spells.
Okay, then.
Casting: Call Imp (safe; 10% risk of failure)
Confirm with . or Enter, or press ? or * to list all spells.
You blink.
The orc wizard shouts!
You hear a shout!
The orc wizard casts a spell at you. The magic dart hits you.
You die...

## .. .. ..
...################
...o.lB°°..)o.....#
#######5#####.....#######
......#.#...#...@.......#
......###...#§..........#
............#u...........
............#.BF.........
............#............
............#(...........
....†.....###.....(......
#####'#####..............
.........)...............


You could see a boulder beetle, a cyan ugly thing, a bullfrog (confused) and an
orc wizard.

Vanquished Creatures
  A two-headed ogre (D:9)
  Pikel (D:5)
  A cane toad (shapeshifter) (D:9)
  Sigmund (D:3)
  3 yaks (D:9)
  Menkaure (D:5)
  2 water moccasins
  2 ice beasts
  4 sky beasts
  2 orc warriors
  A phantom (D:6)
  An ogre (D:6)
  A boggart (D:9)
  A necrophage (D:6)
  A lemure (D:4)
  5 centaurs
  A big kobold (D:7)
  4 bullfrogs
  A wyvern zombie (D:9)
  3 scorpions
  3 wights (D:9)
  3 howler monkeys
  A crimson imp (D:4)
  A quasit (D:8)
  A bullfrog zombie (D:8)
  A centaur zombie (D:5)
  6 hounds
  2 bullfrog skeletons
  3 orc priests
  7 orc wizards
  3 centaur skeletons
  Terence (D:1)
  2 iguanas
  8 worker ants
  2 hound zombies
  A howler monkey zombie (D:5)
  A worker ant zombie (D:5)
  13 adders
  2 shadow imps
  6 white imps
  An ufetubus (D:8)
  2 worms
  3 dart slugs (D:1)
  10 leopard geckos
  12 orcs
  2 ball pythons
  7 bats
  A giant cockroach (D:3)
  2 goblins (D:1)
  5 hobgoblins
  8 jackals
  12 kobolds
  11 quokkas
  9 frilled lizards
  A leopard gecko skeleton (D:7)
  A quokka skeleton (D:7)
  9 rats
200 creatures vanquished.

Vanquished Creatures (collateral kills)
  2 two-headed ogres
  An ogre (D:5)
  Natasha (D:2)
  An adder (D:2)
  A worm (D:2)
  A kobold (D:3)
7 creatures vanquished.

Vanquished Creatures (others)
  5 fungi (D:9)
  4 plants (D:9)
  6 withered plants (D:5)
15 creatures vanquished.

Grand Total: 222 creatures vanquished

Notes
Turn   | Place    | Note
-------+----------+-------------------------------------------
     0 | D:1      | Towns the Gnoll Wanderer began the quest for the Orb.
     0 | D:1      | Towns set off with the following items: a +0 dagger, 2
                  | potions of lignification, a +0 robe; and the following
                  | spell memorised: Magic Dart; and the following spells
                  | available to memorise: Blink, Call Imp, Slow, Conjure
                  | Flame, Mephitic Cloud
     0 | D:1      | Reached XP level 1. HP: 23/23 MP: 8/8
   201 | D:1      | Reached XP level 2. HP: 29/29 MP: 5/10
   660 | D:1      | Reached XP level 3. HP: 32/35 MP: 11/11
  1035 | D:2      | Noticed Terence
  1038 | D:2      | Reached skill level 1 in Invocations
  1048 | D:1      | Killed Terence
  1049 | D:1      | Reached skill level 1 in Short Blades
  1049 | D:1      | Reached skill level 1 in Long Blades
  1049 | D:1      | Reached skill level 1 in Axes
  1049 | D:1      | Reached skill level 1 in Maces & Flails
  1049 | D:1      | Reached skill level 1 in Polearms
  1049 | D:1      | Reached skill level 1 in Slings
  1049 | D:1      | Reached skill level 1 in Bows
  1049 | D:1      | Reached skill level 1 in Crossbows
  1049 | D:1      | Reached skill level 1 in Throwing
  1049 | D:1      | Reached skill level 1 in Armour
  1049 | D:1      | Reached skill level 1 in Shields
  1049 | D:1      | Reached skill level 1 in Unarmed Combat
  1049 | D:1      | Reached skill level 1 in Evocations
  1049 | D:1      | Reached XP level 4. HP: 25/41 MP: 11/13
  1492 | D:2      | Reached skill level 1 in Conjurations
  1492 | D:2      | Reached skill level 1 in Hexes
  1492 | D:2      | Reached skill level 1 in Summonings
  1492 | D:2      | Reached skill level 1 in Necromancy
  1492 | D:2      | Reached skill level 1 in Translocations
  1492 | D:2      | Reached skill level 1 in Transmutations
  1492 | D:2      | Reached skill level 1 in Fire Magic
  1492 | D:2      | Reached skill level 1 in Ice Magic
  1492 | D:2      | Reached skill level 1 in Air Magic
  1492 | D:2      | Reached skill level 1 in Earth Magic
  1492 | D:2      | Reached skill level 1 in Poison Magic
  1495 | D:2      | Learned a level 2 spell: Blink
  1498 | D:2      | Learned a level 2 spell: Call Imp
  1502 | D:2      | Learned a level 3 spell: Mephitic Cloud
  1606 | D:2      | Found a faded altar of an unknown god.
  1882 | D:2      | Noticed Natasha
  1899 | D:2      | Killed Natasha
  1900 | D:2      | Reached XP level 5. HP: 46/47 MP: 9/14
  2842 | D:3      | Noticed Sigmund
  3354 | D:3      | Killed Sigmund
  3355 | D:3      | Reached XP level 6. HP: 21/53 MP: 6/16
  4422 | D:4      | Reached XP level 7. HP: 59/59 MP: 16/18
  4944 | D:5      | Entered Level 5 of the Dungeon
  5560 | D:5      | Found a staircase to the Ecumenical Temple.
  5569 | Temple   | Entered the Ecumenical Temple
  5887 | Temple   | Became a worshipper of Warmaster Okawaru
  5940 | D:5      | Noticed Pikel
  5975 | D:5      | Killed Pikel
  5975 | D:5      | Reached * piety under Okawaru
  5976 | D:5      | Reached skill level 5 in Stealth
  5976 | D:5      | Reached XP level 8. HP: 13/67 MP: 9/19
  6291 | D:5      | Got an iridescent dagger
  6336 | D:5      | Found an ancient bone altar of Kikubaaqudgha.
  6425 | D:5      | Found Ebboytz's General Store.
  6430 | D:5      | Bought a scroll of remove curse for 36 gold pieces
  6430 | D:5      | Identified the +6 dagger "Ussoy" {vorpal, rF++ rC+ Int-5}
                  | (You found it on level 5 of the Dungeon)
  6501 | D:5      | Reached skill level 8 in Spellcasting
  6507 | D:5      | Found Jawa's General Store.
  6525 | D:5      | Reached ** piety under Okawaru
  6539 | D:5      | Bought a potion of heal wounds for 55 gold pieces
  6539 | D:5      | Bought a scroll of identify for 22 gold pieces
  7075 | D:6      | Noticed Menkaure
  7087 | D:5      | Killed Menkaure
  7367 | D:6      | Reached XP level 9. HP: 60/73 MP: 21/21
  7918 | D:6      | Reached skill level 5 in Staves
  7918 | D:6      | Reached skill level 5 in Dodging
  8447 | D:6      | Reached *** piety under Okawaru
  9188 | D:7      | Reached skill level 5 in Invocations
  9389 | D:7      | Learned a level 2 spell: Ensorcelled Hibernation
  9392 | D:7      | Learned a level 2 spell: Slow
  9979 | D:8      | Noticed a two-headed ogre
 10183 | D:7      | Received a gift from Okawaru
 10184 | D:7      | Reached XP level 10. HP: 80/80 MP: 22/22
 10644 | D:8      | Reached skill level 5 in Short Blades
 10644 | D:8      | Reached skill level 5 in Long Blades
 10644 | D:8      | Reached skill level 5 in Axes
 10644 | D:8      | Reached skill level 5 in Maces & Flails
 10644 | D:8      | Reached skill level 5 in Polearms
 10644 | D:8      | Reached skill level 5 in Slings
 10644 | D:8      | Reached skill level 5 in Bows
 10644 | D:8      | Reached skill level 5 in Crossbows
 10644 | D:8      | Reached skill level 5 in Throwing
 10644 | D:8      | Reached skill level 5 in Armour
 10644 | D:8      | Reached skill level 5 in Shields
 10644 | D:8      | Reached skill level 5 in Unarmed Combat
 10644 | D:8      | Reached skill level 5 in Evocations
 11086 | D:8      | Killed a two-headed ogre
 11086 | D:8      | Reached **** piety under Okawaru
 11087 | D:8      | Reached skill level 9 in Spellcasting
 11493 | D:9      | Got a translucent hand axe
 11494 | D:9      | Identified the cursed +1 hand axe "Gnoll's Regret" {vamp,
                  | *Rage *Slow rPois rC+++} (You found it on level 9 of the
                  | Dungeon)
 11787 | D:9      | Received a gift from Okawaru
 12132 | D:9      | Found a staircase to the Lair.
 12385 | D:9      | Noticed a cane toad
 12385 | D:9      | Noticed a two-headed ogre
 12385 | D:9      | Noticed a two-headed ogre
 12387 | D:9      | Noticed a manticore
 12388 | D:9      | Noticed a boulder beetle
 12416 | D:9      | Killed a cane toad
 12420 | D:9      | Killed a two-headed ogre
 12420 | D:9      | Reached ***** piety under Okawaru
 12423 | D:9      | HP: 2/82 [boulder beetle (39)]
 12431 | D:9      | Noticed a cyan ugly thing
 12546 | D:9      | Killed a two-headed ogre
 12547 | D:9      | Reached XP level 11. HP: 17/87 MP: 12/24
 12961 | D:9      | HP: 1/87 [boulder beetle (19)]
 12964 | D:9      | Killed from afar by an orc wizard

Illustrated notes

Levels and vault maps discovered:
D:1:      scummos_arrival_star, layout_basic
D:2:      layout_loops_ring, chequers_ecumenical_altar_lobes, uniq_natasha,
          uniq_terence
D:3:      layout_rooms, kennysheep_boxes, uniq_sigmund
D:4:      layout_loops_ring, chequers_serial_rivers_large_b, minivault_5,
          kennysheep_diamond, minmay_fire_ice_demons
D:5:      layout_loops_ring, kiku_gazebo_garden_becter, temple_fountains,
          serial_shops, nicolae_shop_stone, shop, uniq_pikel
D:6:      minmay_bubble_buster, layout_loops_ring, kennysheep_small_circle,
          uniq_menkaure
D:7:      layout_loops_ring, minmay_diced_spiral
D:8:      layout_loops_ring
D:9:      layout_irregular_city, grunt_lair_entry_orc_guard_hut, minivault_28
Temple:   compressed_dpeg_triangle_lava_temple

Skill      XL: |  1  2  3  4  5  6  7  8  9 10 |
---------------+-------------------------------+-----
Invocations    | 1 2 3 4 5 6 |  6.4
Short Blades   | 1 2 3 4 5 |  5.8
Long Blades    | 1 2 3 4 5 |  5.8
Axes           | 1 2 3 4 5 |  5.8
Maces & Flails | 1 2 3 4 5 |  5.8
Polearms       | 1 2 3 4 5 |  5.8
Slings         | 1 2 3 4 5 |  5.8
Bows           | 1 2 3 4 5 |  5.8
Crossbows      | 1 2 3 4 5 |  5.8
Throwing       | 1 2 3 4 5 |  5.8
Armour         | 1 2 3 4 5 |  5.8
Shields        | 1 2 3 4 5 |  5.8
Unarmed Combat | 1 2 3 4 5 |  5.8
Evocations     | 1 2 3 4 5 |  5.8
Conjurations   | 1 2 3 4 |  4.8
Hexes          | 1 2 3 4 |  4.8
Summonings     | 1 2 3 4 |  4.8
Necromancy     | 1 2 3 4 |  4.8
Translocations | 1 2 3 4 |  4.8
Transmutations | 1 2 3 4 |  4.8
Fire Magic     | 1 2 3 4 |  4.8
Ice Magic      | 1 2 3 4 |  4.8
Air Magic      | 1 2 3 4 |  4.8
Earth Magic    | 1 2 3 4 |  4.8
Poison Magic   | 1 2 3 4 |  4.8
Staves         | 3 4 5 6 |  6.4
Dodging        | 3 4 5 6 |  6.4
Fighting       | 7 8 |  8.9
Stealth        | 5 6 7 |  7.3
Spellcasting   | 8 9 |  9.3

Action                   |  1- 3 |  4- 6 |  7- 9 | 10-12 || total
-------------------------+-------+-------+-------+-------++-------
Melee: Dagger            |     3 |       |   246 |   147 ||   396
       Short sword       |     8 |    73 |   108 |       ||   189
       Bite              |     1 |     3 |    48 |    12 ||    64
       Punch             |       |       |     3 |     1 ||     4
 Fire: Hunting sling     |    69 |    15 |       |       ||    84
       Shortbow          |       |       |   106 |    85 ||   191
Throw: Boomerang         |       |       |     2 |    15 ||    17
 Cast: Magic Dart        |    16 |    94 |    37 |       ||   147
       Call Imp          |       |     7 |     7 |    16 ||    30
       Blink             |       |     2 |     2 |     2 ||     6
       Ensorcelled Hiber |       |       |     6 |    20 ||    26
       Mephitic Cloud    |       |       |       |     9 ||     9
Invok: Heroism           |       |       |       |     1 ||     1
  Use: Scroll            |     1 |     1 |     6 |     3 ||    11
       Potion            |       |       |     2 |     1 ||     3
 Stab: Sleeping          |     1 |       |     4 |     4 ||     9
       Distracted        |       |       |     2 |       ||     2
       Confused          |       |       |       |     3 ||     3
Armor: Robe              |    11 |       |       |       ||    11
       Ring mail         |       |    15 |    18 |       ||    33
       Scale mail        |       |       |    92 |    27 ||   119
Dodge: Dodged            |    30 |    33 |   175 |    82 ||   320
